 Dungeon Crawl Stone Soup version 0.24.0-123-gd5b16e6ec5 (webtiles) character file.

Game seed: 15394295952878780458, levelgen mode: deterministic

105 Notrik the Skirmisher (level 4, 0/42 HPs)
             Began as a Hill Orc Fighter on Feb 8, 2020.
             Succumbed to a worker ant's poison
             ... on level 3 of the Dungeon.
             The game lasted 00:02:18 (1272 turns).

Notrik the Skirmisher (Hill Orc Fighter)            Turns: 1272, Time: 00:02:19

Health: 0/42       AC:  7    Str: 19    XL:     4   Next: 81%
Magic:  4/4        EV:  7    Int:  8    God:
Gold:   89         SH:  9    Dex: 10    Spells: 3/3 levels left

rFire    . . .     SeeInvis .   a - +0 war axe
rCold    . . .     Gourm    .   c - +0 shield
rNeg     . . .     Faith    .   b - +0 scale mail
rPois    .         Spirit   .   (no helmet)
rElec    .         Reflect  .   (no cloak)
rCorr    .         Harm     .   (no gloves)
MR       .....                  (no boots)
Stlth    ..........             (no amulet)
HPRegen  0.14/turn              (no ring)
MPRegen  0.09/turn              (no ring)

@: lethally poisoned (0 -> -37)
A: no striking features
a: no special abilities


You were on level 3 of the Dungeon.
You were not hungry.

You visited 1 branch of the dungeon, and saw 4 of its levels.

You collected 89 gold pieces.

Inventory:

Hand Weapons
 a - a +0 war axe (weapon)
Armour
 b - a +0 scale mail (worn)
 c - a +0 shield (worn)
Jewellery
 k - an uncursed ring of stealth {unknown}
   (You found it on level 1 of the Dungeon)
Wands
 d - a wand of iceblast (6)
   (You found it on level 4 of the Dungeon)
 r - a wand of polymorph (5)
   (You found it on level 4 of the Dungeon)
Scrolls
 f - a scroll of random uselessness {unknown}
 i - a scroll of enchant weapon {unknown}
 m - a scroll of blinking {unknown}
 o - a scroll of remove curse {unknown}
 p - a scroll of fear {unknown}
 q - a scroll of identify {unknown}
Potions
 g - a potion of might
 h - a potion of mutation {unknown}
 j - a potion of flight {unknown}
 l - a potion of curing {unknown}
Comestibles
 e - 3 rations {!d}
 n - 6 chunks of flesh


   Skills:
 * Level 5.3 Fighting
 - Level 2.6 Axes
 + Level 4.0 Armour
 + Level 4.0 Shields


You had 3 spell levels left.
You didn't know any spells.
Your spell library was empty.

Dungeon Overview and Level Annotations

Branches:
Dungeon (4/15)
 Temple: D:4-7

Altars:


Message History

The worker ant bites you.
You are poisoned.
The worker ant poisons you!
You closely miss the worker ant.
You feel sick.
The worker ant bites you but does no damage.
You block the worker ant's attack.
You closely miss the worker ant.
You feel sick.
The worker ant bites you but does no damage.
You block the worker ant's attack.
You barely miss the worker ant.
You feel sick. The worker ant bites you.
You barely miss the worker ant.
You feel sick. The worker ant bites you. You block the worker ant's attack.
You closely miss the worker ant. You block the worker ant's attack.
The worker ant bites you but does no damage.
You slash the worker ant!
You feel sick.
The worker ant bites you but does no damage.
You barely miss the worker ant.
You feel sick. You block the worker ant's attack. x2
You closely miss the worker ant. The worker ant barely misses you.
You block the worker ant's attack.
You hit the worker ant but do no damage.
You feel sick. The worker ant bites you.
You are more poisoned.
The worker ant poisons you! The worker ant bites you.
You are more poisoned.
The worker ant poisons you!
You slash the worker ant!
You feel sick. The worker ant closely misses you.
Your scale mail prevents you from hitting the worker ant.
You feel sick.
The worker ant bites you but does no damage.
The worker ant barely misses you.
You closely miss the worker ant.
You feel sick. The worker ant bites you.
* * * LOW HITPOINT WARNING * * *
You are lethally poisoned!
The worker ant poisons you! The worker ant bites you.
* * * LOW HITPOINT WARNING * * *
You are more poisoned.
The worker ant poisons you!
You barely miss the worker ant.
* * * LOW HITPOINT WARNING * * *
You feel very sick. You block the worker ant's attack.
The worker ant bites you.
* * * LOW HITPOINT WARNING * * *
You are more poisoned.
The worker ant poisons you!
You hit the worker ant.
You kill the worker ant!
Your Armour skill increases to level 4!
Your Shields skill increases to level 4!
You die...

#. ###..?#
.###....#
....#.#### #
#........#
#.#......>.##
#...>.......#
###.........###
###............
#......@..####
#......†..#
#.........#
#.........#
#..?.....[#
#.........#
#.........#
#.........#


There were no monsters in sight!

Vanquished Creatures
  2 worker ants
  2 adders
  2 worms (D:2)
  2 dart slugs (D:1)
  2 orcs (D:4)
  2 giant cockroaches
  4 goblins (D:1)
  2 hobgoblins (D:1)
  A kobold (D:1)
  2 ball pythons
  A bat (D:1)
  7 frilled lizards
  3 rats
32 creatures vanquished.

Notes
Turn   | Place    | Note
-------+----------+-------------------------------------------
     0 | D:1      | Notrik the Hill Orc Fighter began the quest for the Orb.
     0 | D:1      | Reached XP level 1. HP: 19/19 MP: 1/1
    74 | D:1      | Reached skill level 4 in Fighting
    74 | D:1      | Reached XP level 2. HP: 22/27 MP: 2/2
   579 | D:2      | Reached XP level 3. HP: 34/34 MP: 3/3
   908 | D:2      | You fall into a shaft and drop 2 floors!
   944 | D:4      | Reached XP level 4. HP: 26/41 MP: 4/4
  1110 | D:4      | Reached skill level 5 in Fighting
  1224 | D:4      | Noticed an ogre
  1272 | D:3      | Succumbed to a worker ant's poison

Levels and vault maps discovered:
D:1:      minmay_arrival_jagged, layout_basic
D:2:      layout_loops_cross, marbit_many_paths, st_stairs_3
D:3:      layout_rooms, grunt_temple_overflow_open
D:4:      layout_gridville, first_ration

Skill      XL: |  1  2  3  4 |
---------------+-------------+-----
Fighting       | 4 5 |  5.3
Armour         | 4 |  4.0
Shields        | 4 |  4.0
Axes           | |  2.6

Action                   |  1- 3 |  4- 6 || total
-------------------------+-------+-------++-------
Melee: War axe           |    71 |    32 ||   103
  Eat: Chunk             |       |     1 ||     1
Armor: Scale mail        |    33 |    15 ||    48
Dodge: Dodged            |    21 |    10 ||    31
Block: Shield            |    41 |    17 ||    58
